 Dungeon Crawl Stone Soup version 0.20.0-8-g6b59dc7 (webtiles) character file.

105 mopl the Firebug (level 4, -3/24 HPs)
             Began as a Deep Elf Fire Elementalist on May 30, 2017.
             Killed from afar by an orc wizard (10 damage)
             ... with a magic dart
             ... on level 3 of the Dungeon.
             The game lasted 00:04:48 (1743 turns).

mopl the Firebug (Deep Elf Fire Elementalist)       Turns: 1743, Time: 00:04:48

Health: -3/24      AC:  2    Str:  5    XL:     4   Next: 54%
Magic:  11/11      EV: 13    Int: 21    God:
Gold:   137        SH:  0    Dex: 15    Spells: 2/10 levels left

rFire    + . .     SeeInvis .   a - staff of fire
rCold    . . .     Gourm    .   (no shield)
rNeg     + . .     Faith    .   t - +0 robe
rPois    .         Spirit   .   (no helmet)
rElec    .         Reflect  .   (no cloak)
rCorr    .         Harm     .   (no gloves)
MR       .....                  (no boots)
Stlth    ++........             (no amulet)
Regen    0.1/turn               k - ring of positive energy
MPRegen  0.2/turn               (no ring)

@: no status effects
A: no striking features
a: no special abilities


You were on level 3 of the Dungeon.
You were hungry.

You visited 1 branch of the dungeon, and saw 3 of its levels.

You collected 137 gold pieces.

Inventory:

Hand Weapons
 s - a +0 short sword of venom
Missiles
 h - 8 curare-tipped needles
Armour
 e - a +0 large shield
 t - a +0 robe (worn)
Magical Staves
 a - an uncursed staff of fire (weapon)
Jewellery
 k - a ring of positive energy (left hand)
Scrolls
 g - 2 scrolls of teleportation {unknown}
 i - a scroll of enchant weapon {unknown}
 j - 3 scrolls of identify {unknown}
 l - a scroll of fear {unknown}
 v - a scroll of recharging {unknown}
Potions
 d - a potion of curing {unknown}
 n - a potion of mutation {unknown}
 o - a potion of magic {unknown}
 p - a potion of lignification {unknown}
 r - a potion of resistance
 u - a potion of degeneration {unknown}
 w - a potion of agility {unknown}
Books
 b - a book of Flames

   Spells                             Type                      Level
   a - Flame Tongue                   Conjuration/Fire             1
   b - Throw Flame                    Conjuration/Fire             2
   c - Conjure Flame                  Conjuration/Fire             3
   d - Inner Flame                    Hexes/Fire                   3
   e - Sticky Flame                   Conjuration/Fire             4
   f - Fireball                       Conjuration/Fire             5
 m - a book of Cantrips

   Spells                             Type                      Level
   a - Confusing Touch                Hexes                        1
   b - Animate Skeleton               Necromancy                   1
   c - Summon Small Mammal            Summoning                    1
   d - Apportation                    Translocation                1
Comestibles
 c - 5 bread rations
 f - a royal jelly
 q - a meat ration
 x - 4 chunks of flesh


   Skills:
 - Level 2.4 Dodging
 - Level 2.4 Stealth
 + Level 3.7 Spellcasting
 * Level 3.3 Conjurations
 * Level 4.2 Fire Magic
 + Level 0.9 Evocations


You had 2 spell levels left.
You knew the following spells:

 Your Spells              Type           Power        Failure   Level  Hunger
a - Flame Tongue          Conj/Fire      ####.        2%          1    None
c - Conjure Flame         Conj/Fire      ####....     8%          3    ###....
d - Sticky Flame          Conj/Fire      ####....     26%         4    ####...


Dungeon Overview and Level Annotations

Branches:
Dungeon (3/15)

Altars:
Fedhas


Message History

Press: ? - help, Shift-Dir - straight line, f - orc
Aim: an orc, wielding a war axe and wearing a glowing leather armour You feel a surge of power!
The flame tongue hits the orc.
The orc appears unharmed.
Unknown command.
The orc hits you with a war axe.
A puff of flame appears from out of thin air!
The puff of flame hits you! You resist. Something hits you.
You hear some strange, mumbled words.
A puff of frost appears from out of thin air!
The puff of frost hits you!
You hear some strange, mumbled words.
A puff of flame appears from out of thin air!
The puff of flame hits you! You resist.
* * * LOW HITPOINT WARNING * * *
There is a stone staircase leading up here.
A magic dart appears from out of thin air!
The magic dart hits you!
You die...

##'##...........................#
#.##..........#...##+#.#####'###
#.####+#......#.#.##............
##>.................o.#.#####.###
.#.####.####...#.#.##.#.#####.###
.#.........###.#o#.........##....
.#.........###.#.####......######
.#.........+........+......+.....
.##........###.#@####......###.##
.............#.######.....#.....'
........####.#............#.##.##
........####.##...##......#.##.##
.............##...##......#.##..'
.............##...##.###+##.##..#
.............##...##.# #..#.##..#
###.###......##...##.####.#.##..#
<##.# #......#######........# ..#


You could see an orc.

Vanquished Creatures
  Terence (D:3)
  4 adders
  2 worms (D:2)
  An orc (D:3)
  4 bats
  2 giant cockroaches
  5 goblins
  4 hobgoblins
  4 jackals (D:3)
  3 frilled lizards
  6 kobolds
  3 rats
39 creatures vanquished.

Notes
Turn   | Place    | Note
-------+----------+-------------------------------------------
     0 | D:1      | mopl the Deep Elf Fire Elementalist began the quest for the Orb.
     0 | D:1      | Reached XP level 1. HP: 10/10 MP: 6/6
   191 | D:1      | Reached XP level 2. HP: 15/15 MP: 6/8
   197 | D:1      | Reached skill level 2 in Conjurations
   770 | D:2      | Reached XP level 3. HP: 17/19 MP: 6/9
   775 | D:2      | Learned a level 3 spell: Conjure Flame
  1129 | D:3      | Found a blossoming altar of Fedhas.
  1166 | D:3      | Noticed Terence
  1194 | D:3      | Killed Terence
  1194 | D:3      | Reached skill level 3 in Conjurations
  1194 | D:3      | Reached skill level 4 in Fire Magic
  1194 | D:3      | Reached XP level 4. HP: 24/24 MP: 0/11
  1211 | D:3      | Learned a level 4 spell: Sticky Flame
  1743 | D:3      | Killed from afar by an orc wizard

Skill      XL: |  1  2  3 |
---------------+----------+-----
Conjurations   | 2 3 |  3.3
Fire Magic     | 4 |  4.2
Dodging        | |  2.4
Stealth        | |  2.4
Spellcasting   | |  3.7
Evocations     | |  0.9

Action                   |  1- 3 |  4- 6 || total
-------------------------+-------+-------++-------
Melee: Unarmed           |     3 |       ||     3
       Staff             |       |     4 ||     4
 Cast: Flame Tongue      |    62 |    21 ||    83
       Conjure Flame     |     1 |       ||     1
  Eat: Chunk             |       |     2 ||     2
Armor: Robe              |     2 |     1 ||     3
Dodge: Dodged            |    12 |     8 ||    20
